 Dungeon Crawl Stone Soup version 0.27-a0-1513-g2aaa0cc67b (webtiles) character file.

Game seed: 8880370284055626194

67 gimp the Skirmisher (level 4, -2/37 HPs)
             Began as a Formicid Monk on July 10, 2021.
             Killed from afar by Natasha (7 damage)
             ... with a magic dart
             ... on level 2 of the Dungeon.
             The game lasted 00:03:55 (2489 turns).

gimp the Skirmisher (Formicid Monk)                 Turns: 2489, Time: 00:03:56

Health: -2/37      AC:  4    Str: 16    XL:     4   Next: 40%
Magic:  4/4        EV: 12    Int: 16    God:
Gold:   64         SH:  0    Dex: 13    Spells: 3/3 levels left

rFire    . . .     SeeInvis +   a - +0 hand axe
rCold    . . .     Faith    .   (no shield)
rNeg     . . .     Spirit   .   f - +0 leather armour
rPois    .         Reflect  .   (helmet unavailable)
rElec    .         Harm     .   (no cloak)
rCorr    .         Rampage  .   i - +0 pair of gloves
Will     .....                  (no boots)
Stlth    ++........             (no amulet)
HPRegen  0.12/turn              b - +6 ring of intelligence
MPRegen  0.09/turn              (no ring)

@: no status effects
A: permanent stasis, dig shafts and tunnels, antennae 3, four strong arms
a: Dig, Shaft Self


You were on level 2 of the Dungeon.
You visited 1 branch of the dungeon, and saw 2 of its levels.

You collected 64 gold pieces.

Inventory:

Hand Weapons
 a - a +0 hand axe (weapon)
Armour
 f - a +0 leather armour (worn)
 i - a +0 pair of gloves (worn)
Jewellery
 b - a +6 ring of intelligence (left hand)
Scrolls
 c - a scroll of enchant weapon {unknown}
 d - 2 scrolls of identify {unknown}
 h - a scroll of vulnerability {unknown}
Potions
 g - a potion of curing


   Skills:
 * Level 4.2 Fighting
 * Level 3.9 Axes
 + Level 1.5 Armour
 - Level 2.6 Dodging
 - Level 2.4 Stealth


You had 3 spell levels left.
You didn't know any spells.
Your spell library was empty.

Dungeon Overview and Level Annotations

Branches:
Dungeon (2/15)

Altars:

Annotations:
D:2 Natasha


Innate Abilities, Weirdness & Mutations

You cannot be hasted, slowed, berserked, paralysed or teleported.
You can dig through walls and to a lower floor.
You have a pair of large antennae on your head. (SInv)
Your four strong arms can wield two-handed weapons with a shield.


Message History

You hit the shadow imp. The shadow imp hits you.
Natasha drinks a potion.
Natasha is healed!
You take 2 damage, and have 24/37 hp.
You hit Natasha.
Natasha is heavily wounded.
You hit the shadow imp.
The shadow imp hits you but does no damage.
Natasha stares at you and mumbles some strange words.
Your stasis prevents you from being slowed.
You hit Natasha.
Natasha is almost dead.
You hit the shadow imp. The shadow imp hits you.
Natasha stares at you and mumbles some strange words.
The magic dart hits you.
You take 3 damage, and have 21/37 hp.
You hit Natasha.
Natasha is almost dead.
You hit the shadow imp. The shadow imp hits you. Natasha barely misses you.
You take 5 damage, and have 16/37 hp.
You barely miss Natasha.
Natasha is almost dead.
You barely miss the shadow imp. The shadow imp hits you.
* * * LOW HITPOINT WARNING * * *
Natasha closely misses you.
The shadow imp hits you but does no damage.
You take 5 damage, and have 11/37 hp.
You barely miss Natasha.
Natasha is almost dead.
You barely miss the shadow imp. Natasha claws you.
* * * LOW HITPOINT WARNING * * *
The shadow imp gestures at you.
You barely resist.
You take 6 damage, and have 5/37 hp.
You barely miss Natasha.
Natasha is almost dead.
You hit the shadow imp.
You kill the shadow imp!
Natasha stares at you and mumbles some strange words.
The magic dart hits you!
You die...

#.....#.#.#.#.#....#..#.
#.####.....###.#.#.###..#..#.
#.......................+..#.
######..............)...##.#.
#.....###.###.###..##.#.
#.....#.#...#.#.#.###...
#.....#.#.###.#.#.# ##..
#######.............# #..
#..).....@##.#.#.#######..
#........h##..............
#.........##########......
#.........# #.#....
#.........# #.#.###
#.........# #.#....
#.........# #.#.)##
#.........# #.#..##
#.........##########.#..#.


You could see Natasha.

Vanquished Creatures
  Natasha (D:2)
  An adder (D:2)
  A worm (D:2)
  A dart slug (D:1)
  3 ball pythons
  An endoplasm (D:1)
  3 giant cockroaches
  3 goblins
  A hobgoblin (D:1)
  2 jackals (D:2)
  A quokka (D:1)
  4 bats
  A frilled lizard (D:1)
  4 kobolds
  2 rats (D:1)
29 creatures vanquished.

Notes
Turn   | Place    | Note
-------+----------+-------------------------------------------
     0 | D:1      | gimp the Formicid Monk began the quest for the Orb.
     0 | D:1      | Reached XP level 1. HP: 18/18 MP: 1/1
    36 | D:1      | Found a faded altar of an unknown god.
   422 | D:1      | Reached XP level 2. HP: 20/24 MP: 2/2
   980 | D:1      | Reached XP level 3. HP: 30/30 MP: 3/3
  1107 | D:1      | Reached skill level 1 in Armour
  1390 | D:2      | HP: 1/30 [poisoned by an adder]
  1698 | D:2      | Reached skill level 4 in Fighting
  1845 | D:2      | Noticed Natasha
  1856 | D:2      | Killed Natasha
  1857 | D:2      | Reached XP level 4. HP: 24/37 MP: 4/4
  2467 | D:2      | Noticed Natasha
  2489 | D:2      | Killed from afar by Natasha

Illustrated notes

Levels and vault maps discovered:
D:1:      ncdulo_lavacross, layout_basic,
          hellmonk_ecumenical_altar_pennies_from_heaven
D:2:      layout_basic, minmay_misc_feat_nine_boxes, uniq_natasha

Skill      XL: |  1  2  3 |
---------------+----------+-----
Armour         | 1 |  1.5
Fighting       | 4 |  4.2
Axes           | |  3.9
Dodging        | |  2.6
Stealth        | |  2.4

Action                   |  1- 3 |  4- 6 || total
-------------------------+-------+-------++-------
Melee: Hand axe          |    99 |    33 ||   132
 Abil: Dig               |     3 |       ||     3
  Use: Potion            |     1 |     1 ||     2
 Stab: Sleeping          |     9 |       ||     9
Armor: Leather armour    |    28 |     6 ||    34
Dodge: Dodged            |    93 |    24 ||   117

Table legend: (Time is in decaauts)
 A = Elapsed time spent in this place.
 B = Non-inter-level travel time spent in this place.
 C = Inter-level travel time spent in this place.
 D = Time resting spent in this place.
 E = Time spent auto-exploring this place.
 F = Levels seen in this place.
 G = Mean time per level.
                   A        B        C        D        E       F      G
               +--------+--------+--------+--------+--------+-----+--------+
         Total |   2506 |   2479 |     27 |     34 |   2090 |   2 | 1253.0 |
       Dungeon |   2506 |   2479 |     27 |     34 |   2090 |   2 | 1253.0 |
               +--------+--------+--------+--------+--------+-----+--------+

Top non-repeatable levels by time:
     D:1: 1307 daAuts
     D:2: 1199 daAuts
